 Dungeon Crawl Stone Soup version 0.18.1-50-g88ac8fd (webtiles) character file.

41916 Amnesiac the Grand Gadgeteer (level 13, -8/78 HPs)
             Began as a Deep Elf Fighter on Mar 2, 2018.
             Was the Champion of Pakellas.
             Mangled by a red ugly thing (20 damage)
             ... on level 14 of the Dungeon.
             The game lasted 01:03:49 (21813 turns).

Amnesiac the Grand Gadgeteer (Deep Elf Fighter)    Turns: 21813, Time: 01:03:50

Health: -8/78      AC: 19    Str: 17    XL:     13   Next: 82%
Magic:  22/25      EV:  7    Int: 17    God:    Pakellas [******]
Gold:   952        SH: 16    Dex: 14    Spells: 2 memorised, 7 levels left

rFire  . . .     SeeInvis .     a - +1 dagger (venom)
rCold  + . .     Gourm    .     d - +2 chain mail {rC+}
rNeg   . . .     Faith    +     h - +0 large shield
rPois  .         Spirit   .     i - +2 hat {MR+}
rElec  .         Dismiss  .     F - +0 cloak
rCorr  .         Reflect  .     n - +0 pair of gloves
SustAt .         Harm     .     Q - +0 pair of boots
MR     ++...                    D - amulet of faith
Stlth  ..........               R - +2 ring of intelligence
                                C - +4 ring of evasion

@: very resistant to hostile enchantments, extremely unstealthy
A: no striking features
a: Quick Charge, Device Surge, Supercharge, Renounce Religion


You were on level 14 of the Dungeon.
You worshipped Pakellas.
Pakellas was exalted by your worship.
You were not hungry.

You visited 2 branches of the dungeon, and saw 16 of its levels.
You also visited: Labyrinth and Bailey.

You collected 1130 gold pieces.
You spent 178 gold pieces at shops.

Inventory:

Hand Weapons
 a - a +1 dagger of venom (weapon)
Missiles
 s - 3 throwing nets (quivered)
 u - a poisoned needle
Armour
 d - a +2 chain mail of cold resistance (worn)
 h - a +0 large shield (worn)
 i - a +2 hat of magic resistance (worn)
 n - a +0 pair of gloves (worn)
 F - a +0 cloak (worn)
 Q - a +0 pair of boots (worn)
Rods
 b - a +3 rod of clouds (4/14)
   (Pakellas gifted it to you on level 8 of the Dungeon)
 w - a +5 rod of shadows (4/10)
   (You took it off a minotaur in a labyrinth)
Jewellery
 p - an uncursed ring of protection from cold
 C - a +4 ring of evasion (left hand)
 D - an amulet of faith (around neck)
 N - an uncursed ring of ice
 R - a +2 ring of intelligence (right hand)
Wands
 c - a wand of disintegration (4/24)
 z - a wand of acid (5/15)
 M - a wand of iceblast (10/15)
 S - a wand of iceblast (3/15)
 T - a wand of lightning (7/15)
 U - a wand of confusion (17/48)
Scrolls
 j - 2 scrolls of enchant armour {!r}
 l - 6 scrolls of remove curse {!r}
 t - 3 scrolls of enchant weapon {!r}
 v - 2 scrolls of amnesia {!r}
 G - a scroll of teleportation {!r}
 I - 3 scrolls of vulnerability {!r}
 K - a scroll of fog {!r}
 O - a scroll of summoning {!r}
Potions
 g - 2 potions of berserk rage {!q}
 o - 2 potions of might {!q}
 r - 3 potions of flight {!q}
 A - 6 potions of magic {!q}
 B - 2 potions of lignification {!q}
 H - 2 potions of curing {!q}
 J - a potion of brilliance {!q}
Books
 x - a book of Conjurations

   Spells                             Type                      Level
   a - Magic Dart                     Conjuration                  1
   b - Searing Ray                    Conjuration                  2
   c - Dazzling Spray                 Conjuration/Hexes            3
   d - Fulminant Prism                Conjuration/Hexes            4
   e - Iskenderun's Mystic Blast      Conjuration                  4
   f - Iskenderun's Battlesphere      Conjuration/Charms           5
Miscellaneous
 e - a lamp of fire
 k - a stone of tremors
 q - a plain deck of summoning {drawn: 6}
 L - a phial of floods
Comestibles
 f - 8 bread rations


   Skills:
 + Level 8.2 Fighting
 - Level 10.0 Short Blades
 + Level 8.2 Armour
 + Level 10.4 Dodging
 + Level 8.2 Shields
 * Level 14.3 Evocations


You had 7 spell levels left.
You knew the following spells:

 Your Spells              Type           Power        Failure   Level  Hunger
a - Cure Poison           Pois           #.........   100%        2    ###....
e - Mephitic Cloud        Conj/Pois/Air  #.......     100%        3    ####...


Dungeon Overview and Level Annotations

Branches:
Dungeon (15/15)            Temple (1/1) D:6            Lair (0/8) D:10
    Orc (0/2) D:12         Vaults (0/5) D:13
 Depths: D:15

Altars:
Ashenzari
Cheibriados
Dithmenos
Elyvilon
Fedhas
Gozag
Kikubaaqudgha
Makhleb
Nemelex Xobeh
Okawaru
Pakellas
Qazlal
Ru
Sif Muna
Trog
Xom
Yredelemnul
Zin
The Shining One

Shops:
D:8 *   D:12 *:(   D:13 [   D:14 [

Portals:
Trove: D:13 (give 20 scrolls of identify)

Annotations:
D:12 exclusion: 2 downstairs


Message History

You see here 14 stones.
Aiming: Cloud Cone
Press: ? - help, Dir - move target cursor, f - hungry ghost
Aim: a hungry ghost You create a blast of flame!
The red ugly thing is engulfed in roaring flames.
The cyan ugly thing is engulfed in roaring flames.
You block the cyan ugly thing's attack.
The hungry ghost is engulfed in roaring flames.
Wield which item (- for none, * to show all)? (? for menu, Esc to quit)
Your +1 dagger of venom begins to drip with poison!
a - a +1 dagger of venom (weapon)
The red ugly thing is engulfed in roaring flames.
The cyan ugly thing is engulfed in roaring flames.
The cyan ugly thing trunk-slaps you.
* * * LOW HITPOINT WARNING * * *
The cyan ugly thing shocks you!
* * * LOW HITPOINT WARNING * * *
Drink which item? (? for menu, Esc to quit)
Really quaff
H - 4 potions of curing {!q}?
You feel better.
The hungry ghost is engulfed in roaring flames.
The cyan ugly thing is engulfed in roaring flames.
You kill the cyan ugly thing!
Pakellas accepts your kill.
The cyan ugly thing is engulfed in roaring flames.
The red ugly thing is engulfed in roaring flames.
The cyan ugly thing is engulfed in roaring flames.
The cyan ugly thing trunk-slaps you.
* * * LOW HITPOINT WARNING * * *
The cyan ugly thing shocks you!
* * * LOW HITPOINT WARNING * * *
Drink which item? (? for menu, Esc to quit)
Really quaff
H - 3 potions of curing {!q}?
You feel better.
The hungry ghost is engulfed in roaring flames.
You destroy the hungry ghost!
Pakellas accepts your kill.
You feel your power returning.
The green ugly thing is engulfed in roaring flames.
The cyan ugly thing is engulfed in roaring flames.
You kill the cyan ugly thing!
Pakellas accepts your kill.
You feel your power returning.
The red ugly thing is engulfed in roaring flames.
The green ugly thing is engulfed in roaring flames. x2
Read which item? (? for menu, Esc to quit)
Okay, then.
Drink which item? (? for menu, Esc to quit)
Okay, then.
Wield which item (- for none, * to show all)? (? for menu, Esc to quit)
Okay, then.
The red ugly thing is engulfed in roaring flames.
The green ugly thing is engulfed in roaring flames. x2
There is an open door, spattered with blood here.
Items here: $ ( ) = † a shortbow; 22 arrows; a ring of ice; 10 gold pieces; a centaur corpse You see here a large rock.
There is an escape hatch in the ceiling here.
The red ugly thing pecks you.
* * * LOW HITPOINT WARNING * * *
You are engulfed in flames!!
You die...
Pakellas says: Time to start the next experiment...

########..###..#######.####'##..#
######§§##.####'####.##..#
#....#......(...#)....#
#....#.........)'.....#
#....'.....[....#.....#
####.###..##...########
######.###..##...###
#...........'....(.#
#.......@u..#..(.(.#
#.....>.....##[[..##
##..######.u##[.(.## #..#
#y..u..(..# #..# #'###..(..#
##C.# #..##..(.## #...#
#.y#####)## #...# #..(..(...#
##..# #..##.(...#


You could see 3 ugly things and a vampire mosquito.

Vanquished Creatures
  Rupert (D:13)
  Gastronok (D:8)
  Donald (D:13)
  A minotaur (Lab)
  The ghost of Amnesiac the Grand Gadgeteer, a journeyman DEFi of Pakellas (D:13)
  A centaur warrior (D:14)
  A death knight (D:14)
  Erolcha (D:11)
  Urug (D:13)
  2 unseen horrors
  A wizard (D:15)
  5 hill giants
  A deep elf mage (D:14)
  An oklob plant (D:6)
  8 ugly things
  A cyclops (D:14)
  A centaur zombie (D:11)
  A gargoyle (D:11)
  A komodo dragon (D:15)
  A freezing wraith (D:14)
  A yaktaur (D:13)
  2 guardian mummies (D:13)
  2 trolls (D:12)
  2 two-headed ogres
  A two-headed ogre (shapeshifter) (D:15)
  A harpy skeleton (D:14)
  4 slime creatures
  Eustachio (D:6)
  2 shadows
  2 water elementals (D:12)
  Sigmund (D:2)
  4 wyverns
  2 wraiths
  17 yaks
  2 vampires
  12 humans
  4 vampire mosquitoes
  A hippogriff (D:13)
  A hungry ghost (D:14)
  A steam dragon (D:11)
  A mottled dragon (D:11)
  6 porcupines
  A black bear (D:9)
  4 ice beasts
  12 orc warriors
  2 phantoms
  A sky beast (D:6)
  4 eyes of draining
  A necrophage (D:6)
  3 ogres
  10 centaurs
  5 crocodiles
  3 big kobolds
  7 giant frogs
  10 scorpions
  3 killer bees (D:9)
  2 wights (D:11)
  10 howler monkeys
  An electric eel (D:12)
  6 crimson imps
  13 jellies
  A quasit (D:7)
  A wasp zombie (D:10)
  6 hounds
  Crazy Yiuf (D:2)
  8 orc priests
  7 centaur skeletons
  21 orc wizards
  4 iguanas
  9 worker ants
  Natasha (thrice) (D:2)
  4 sheep (D:7)
  A hound skeleton (D:9)
  A howler monkey zombie (D:11)
  Robin (D:2)
  7 gnolls
  A worker ant zombie (D:11)
  13 adders
  A howler monkey skeleton (D:4)
  6 river rats
  13 oozes
  4 worms
  5 giant geckos
  43 orcs
  3 ball pythons
  7 bats
  6 giant cockroaches
  10 hobgoblins
  16 jackals
  30 kobolds
  3 quokkas
  4 giant newts
  16 goblins
  A jackal zombie (D:5)
  2 rats (D:2)
  A fungus (D:2)
  A plant (D:13)
461 creatures vanquished.

Vanquished Creatures (collateral kills)
  A hydra (D:12)
  The ghost of Amnesiac the Grand Gadgeteer, a journeyman DEFi of Pakellas (D:10)
  A skeletal warrior (D:13)
  5 slime creatures
  2 hill giants
  A phantasmal warrior (D:14)
  A wraith (D:13)
  4 humans (D:13)
  7 vampire mosquitoes
  2 orc warriors (Bailey)
  2 centaurs (D:14)
  A giant frog (D:14)
  A wight (D:11)
  A crimson imp (D:12)
  An orc wizard (D:11)
  A giant frog skeleton (D:13)
  An orc (D:14)
  A goblin (Bailey)
  9 kobolds (Bailey)
43 creatures vanquished.

Vanquished Creatures (others)
  A tengu reaver (D:12)
  A killer bee (D:12)
  7 fungi (D:6)
  A plant (D:10)
10 creatures vanquished.

Grand Total: 514 creatures vanquished

Notes
Turn   | Place    | Note
--------------------------------------------------------------
     0 | D:1      | Amnesiac the Deep Elf Fighter began the quest for the Orb.
     0 | D:1      | Reached XP level 1. HP: 13/13 MP: 3/3
    69 | D:2      | Reached skill level 1 in Dodging
   107 | D:3      | Noticed Robin
   139 | D:2      | Killed Robin
   139 | D:2      | Reached XP level 2. HP: 3/18 MP: 4/4
   755 | D:5      | Entered Level 5 of the Dungeon
   755 | D:5      | Noticed a howler monkey
   772 | D:4      | Killed a howler monkey
   772 | D:4      | Reached XP level 3. HP: 19/22 MP: 5/5
   789 | D:4      | Reached XP level 4. HP: 21/27 MP: 6/6
   933 | D:4      | Reached skill level 5 in Dodging
  1223 | D:4      | Found a stormy altar of Qazlal.
  1267 | D:4      | Reached XP level 5. HP: 31/31 MP: 7/7
  1560 | D:5      | Noticed a centaur
  1572 | D:5      | Killed a centaur
  1572 | D:5      | Reached XP level 6. HP: 27/36 MP: 8/8
  1706 | D:5      | Found an ancient bone altar of Kikubaaqudgha.
  1709 | D:5      | Found a glowing golden altar of the Shining One.
  1712 | D:5      | Found a shimmering altar of Xom.
  1715 | D:5      | Found a white marble altar of Elyvilon.
  2330 | D:5      | Reached skill level 2 in Evocations
  2452 | D:6      | Reached XP level 7. HP: 40/40 MP: 9/11
  2466 | D:6      | Reached skill level 3 in Evocations
  2510 | D:6      | Reached skill level 4 in Evocations
  2684 | D:6      | Reached skill level 5 in Evocations
  2898 | D:6      | Noticed an oklob plant
  2946 | D:6      | Reached skill level 6 in Evocations
  2967 | D:6      | Reached XP level 8. HP: 19/45 MP: 14/14
  3006 | D:6      | Found a staircase to the Ecumenical Temple.
  3013 | Temple   | Entered the Ecumenical Temple
  3026 | Temple   | Became a worshipper of Pakellas the Inventive
  3311 | D:6      | Reached skill level 7 in Evocations
  3645 | D:2      | Noticed Sigmund
  3646 | D:2      | Noticed Natasha
  4028 | D:1      | Reached * piety under Pakellas
  4028 | D:1      | Received a gift from Pakellas
  4372 | D:2      | Killed Sigmund
  4806 | D:2      | Killed Natasha
  4933 | D:2      | Noticed Crazy Yiuf
  4947 | D:2      | Killed Crazy Yiuf
  4947 | D:2      | Reached ** piety under Pakellas
  4947 | D:2      | Received a gift from Pakellas
  5340 | D:2      | Noticed Natasha
  5350 | D:2      | Killed Natasha
  5350 | D:2      | Reached skill level 5 in Short Blades
  5515 | D:2      | Noticed Natasha
  5522 | D:2      | Killed Natasha
  5985 | D:3      | Noticed Grinder
  5986 | D:3      | Noticed Grinder
  5986 | D:3      | Grinder changed into Grinder the crimson imp
  6001 | D:3      | Killed Grinder the crimson imp
  6939 | D:6      | Noticed Eustachio
  6970 | D:6      | Killed Eustachio
  6970 | D:6      | Reached XP level 9. HP: 48/49 MP: 5/16
  7459 | D:6      | Killed an oklob plant
  7770 | D:7      | Reached skill level 8 in Evocations
  7815 | D:7      | Reached *** piety under Pakellas
  7815 | D:7      | Received a gift from Pakellas
  8139 | D:7      | Reached skill level 9 in Evocations
  8242 | D:7      | Found a sacrificial altar of Ru.
  8979 | D:7      | Reached **** piety under Pakellas
  8979 | D:7      | Received a gift from Pakellas
  9178 | D:8      | Reached skill level 10 in Evocations
  9327 | D:8      | Reached XP level 10. HP: 37/54 MP: 2/19
  9542 | D:8      | Noticed Gastronok
  9795 | D:8      | Found Nidary's Assorted Antiques.
  9801 | D:8      | Bought a scroll labeled GEIMIU XISHROUNIOL for 19 gold pieces
  9801 | D:8      | Bought 3 scrolls of identify for 114 gold pieces
 10099 | D:8      | Killed Gastronok
 10099 | D:8      | Reached skill level 12 in Evocations
 10452 | D:8      | Reached ***** piety under Pakellas
 10452 | D:8      | Received a gift from Pakellas
 10533 | D:8      | Identified a +1 rod of clouds (12/12) (Pakellas gifted it to you on level 8 of the Dungeon)
 10907 | D:8      | Reached skill level 13 in Evocations
 11325 | D:9      | Found a sparkling altar of Nemelex Xobeh.
 11623 | D:9      | Found a burning altar of Makhleb.
 11624 | D:9      | Found a glowing silver altar of Zin.
 11624 | D:9      | Noticed an angel
 11625 | D:9      | Noticed an Executioner
 11703 | D:10     | Entered Level 10 of the Dungeon
 11703 | D:10     | Found a staircase to the Lair.
 11703 | D:10     | Noticed a hill giant
 11705 | D:10     | Noticed Amnesiac's ghost (journeyman DEFi)
 11719 | D:9      | Killed a hill giant
 12116 | D:9      | Reached XP level 11. HP: 42/58 MP: 22/22
 12255 | D:9      | Reached skill level 10 in Short Blades
 12274 | D:9      | Reached skill level 5 in Armour
 12423 | D:9      | HP: 2/87 [porcupine's spines (10)]
 13056 | D:10     | Reached ****** piety under Pakellas
 13819 | D:10     | Killed Amnesiac's ghost
 14190 | D:10     | Killed an unseen horror
 14508 | D:11     | Found a flagged portal.
 14518 | Bailey   | Entered a bailey
 14624 | Bailey   | Got a faintly glowing broad axe {chop}
 14768 | D:11     | Noticed a hill giant
 14777 | D:11     | Found a labyrinth entrance.
 14785 | Lab      | Entered a labyrinth
 14969 | Lab      | Noticed a minotaur
 14974 | Lab      | Killed a minotaur
 14997 | Lab      | Got a garnet-encrusted leather armour
 14997 | Lab      | Identified the Catalogue of Burning Ice
 14997 | Lab      | Identified a manual of Fighting
 15041 | Lab      | Identified the +0 leather armour "Kuptebb" {Stlth+} (You found it in a labyrinth)
 15052 | Lab      | Identified the +5 broad axe of the Spinneret {chop, rN+ Str-4 Dex+4} (You took it off a kobold in a bailey)
 15056 | Lab      | Identified a +5 rod of shadows (10/10) (You took it off a minotaur in a labyrinth)
 15068 | D:11     | Noticed Erolcha
 15087 | D:11     | Killed Erolcha
 15087 | D:11     | Reached skill level 5 in Shields
 15100 | D:11     | Killed a hill giant
 15100 | D:11     | Reached XP level 12. HP: 64/64 MP: 12/23
 15287 | D:11     | Learned a level 2 spell: Cure Poison
 15291 | D:11     | Learned a level 3 spell: Mephitic Cloud
 15734 | D:11     | Reached skill level 5 in Fighting
 16219 | D:11     | Found an oddly glowing altar of Pakellas.
 16377 | D:12     | Noticed a tengu reaver
 16393 | D:12     | Killed a tengu reaver
 17082 | D:12     | Found Gale's General Store.
 17088 | D:12     | Bought a scroll of teleportation for 45 gold pieces
 17178 | D:12     | Noticed an eight-headed hydra
 17550 | D:12     | Found Viep's Antique Weapon Shoppe.
 17635 | D:12     | Found Dauffak's Book Shoppe.
 17829 | D:12     | Killed a ten-headed hydra
 18749 | D:12     | Found a staircase to the Orcish Mines.
 18871 | D:13     | Found a gate to the Vaults.
 18871 | D:13     | Noticed Donald
 19039 | D:13     | Found Lohar's Antique Armour Boutique.
 19160 | D:13     | Killed Donald
 19211 | D:13     | Reached XP level 13. HP: 47/76 MP: 24/24
 19311 | D:13     | Noticed Amnesiac's ghost (journeyman DEFi)
 19361 | D:13     | Killed Amnesiac's ghost
 19420 | D:13     | Noticed Urug
 19420 | D:13     | Noticed Rupert
 19435 | D:13     | Killed Urug
 19466 | D:13     | Killed Rupert
 19658 | D:13     | Found a portal to a secret trove of treasure.
 19709 | D:13     | You fall through a shaft for 2 floors!
 19709 | D:15     | Entered Level 15 of the Dungeon
 19984 | D:15     | Reached skill level 14 in Evocations
 20527 | D:14     | Reached skill level 10 in Dodging
 20834 | D:14     | Found Hapovvim's Armour Shop.
 21721 | D:14     | Noticed a fire giant
 21813 | D:14     | Mangled by a red ugly thing

Skill      XL: |  1  2  3  4  5  6  7  8  9 10 11 12 13 |
---------------+----------------------------------------+-----
Dodging        | 2 4 5 8 10 | 10.4
Armour         | 3 4 7 8 |  8.2
Short Blades   | 3 7 9 10 | 10.0
Evocations     | 2 6 7 10 13 14 | 14.3
Shields        | 5 7 8 |  8.2
Fighting       | 3 7 8 |  8.2

Action                   |  1- 3 |  4- 6 |  7- 9 | 10-12 | 13-15 || total
-------------------------+-------+-------+-------+-------+-------++-------
Melee: Rapier            |    29 |       |       |       |       ||    29
       Dagger            |    32 |   185 |   716 |  1127 |   163 ||  2223
 Fire: Blowgun           |       |       |       |    33 |       ||    33
Invok: Quick Charge      |       |       |     1 |     3 |     1 ||     5
Evoke: Wand              |       |       |    22 |    38 |    21 ||    81
       Phantom mirror    |       |       |     1 |       |       ||     1
       Rod               |       |       |       |    69 |    44 ||   113
       Lamp of fire      |       |       |       |     2 |       ||     2
       Deck              |       |       |       |     6 |       ||     6
  Use: Potion            |     3 |       |     1 |    15 |     4 ||    23
       Scroll            |       |       |     9 |    19 |     3 ||    31
 Stab: Distracted        |       |       |     1 |       |     1 ||     2
       Invisible         |       |       |       |     7 |       ||     7
       Confused          |       |       |       |     1 |       ||     1
  Eat: Chunk             |       |     5 |    10 |    32 |     5 ||    52
       Royal jelly       |       |       |     1 |       |       ||     1
       Beef jerky        |       |       |     1 |       |       ||     1
       Fruit             |       |       |     8 |       |       ||     8
       Pizza             |       |       |     2 |       |       ||     2
       Meat ration       |       |       |       |     4 |     1 ||     5
       Bread ration      |       |       |       |     2 |     3 ||     5
Armor: Scale mail        |    28 |    24 |       |       |       ||    52
       Plate armour      |       |    68 |   262 |   295 |       ||   625
       Skin              |       |       |     1 |     7 |       ||     8
       Steam dragon armo |       |       |       |    65 |     4 ||    69
       Chain mail        |       |       |       |       |    64 ||    64
Dodge: Dodged            |    22 |    35 |    45 |   291 |    72 ||   465
Block: Shield            |    20 |    47 |       |       |       ||    67
       Large shield      |       |    27 |   325 |   717 |   165 ||  1234
